 Dungeon Crawl Stone Soup version 0.21.1-1-g345015f (webtiles) character file.

2769 Mythic the Spear-Bearer (level 9, -2/79 HPs)
             Began as a Minotaur Berserker on May 12, 2018.
             Was an Elder of Trog.
             Killed from afar by an electric eel (10 damage)
             ... with a bolt of electricity
             ... on level 7 of the Dungeon.
             The game lasted 00:28:32 (5853 turns).

Mythic the Spear-Bearer (Minotaur Berserker)        Turns: 5853, Time: 00:28:32

Health: -2/79      AC: 15    Str: 24    XL:     9   Next: 42%
Magic:  8/8        EV:  9    Int:  4    God:    Trog [****..]
Gold:   371        SH:  0    Dex: 11    Spells: 8/8 levels left

rFire    + . .     SeeInvis .   p - +0 trident
rCold    x . .     Gourm    +   (no shield)
rNeg     . . .     Faith    .   C - +1 plate armour
rPois    .         Spirit   .   (helmet restricted)
rElec    .         Reflect  .   (no cloak)
rCorr    .         Harm     .   x - +0 pair of gloves
MR       .....                  (no boots)
Stlth    ..........             i - amulet of the gourmand
HPRegen  0.23/turn              n - ring of loudness
MPRegen  0.11/turn              d - ring of fire

@: berserk cooldown, very slightly contaminated, slowed, very slow
A: retaliatory headbutt, horns 2
a: Berserk, Trog's Hand, Brothers in Arms, Burn Spellbooks, Renounce Religion


You were on level 7 of the Dungeon.
You worshipped Trog.
Trog was greatly pleased with you.
You were very hungry.

You visited 1 branch of the dungeon, and saw 8 of its levels.

You collected 371 gold pieces.

Inventory:

Hand Weapons
 a - a +0 spear
 p - a +0 trident (weapon)
Missiles
 f - a throwing net (quivered)
 u - 3 javelins of returning
Armour
 b - a +0 animal skin
 r - a +0 pair of boots
 v - a +0 ring mail
 x - a +0 pair of gloves (worn)
 A - a +0 leather armour
 B - a +0 chain mail
 C - a +1 plate armour (worn)
 D - the +2 pair of boots "Cuakk" {*Slow Regen+ Int+3 SInv, unknown}
   (You found it on level 7 of the Dungeon)

   It affects your intelligence (+3).
   It lets you see invisible.
   It increases your rate of regeneration.
   It may slow you when you take damage.
Jewellery
 d - a ring of fire (right hand)
 i - an amulet of the gourmand (around neck)
 n - a ring of loudness (left hand)
Wands
 E - a wand of flame (17)
Scrolls
 e - 10 scrolls of identify {unknown}
 j - 5 scrolls of remove curse
 k - 2 scrolls of amnesia
 l - 6 scrolls of teleportation
Potions
 g - 2 potions of brilliance {unknown}
 h - a potion of cancellation {unknown}
 m - 4 potions of curing
 o - a potion of mutation {unknown}
 q - a potion of lignification {unknown}
 s - a potion of flight {unknown}
 w - a potion of heal wounds
 z - a potion of might {unknown}
Books
 t - a book of Minor Magic

   Spells                             Type                      Level
   a - Magic Dart                     Conjuration                  1
   b - Blink                          Translocation                2
   c - Call Imp                       Summoning                    2
   d - Slow                           Hexes                        2
   e - Conjure Flame                  Conjuration/Fire             3
   f - Mephitic Cloud                 Conjuration/Poison/Air       3
   Trog disapproves of the use of such an item.
Comestibles
 c - 6 rations


   Skills:
 + Level 7.5 Fighting
 + Level 10.6 Polearms
 + Level 7.3 Armour
 + Level 6.0 Dodging
 + Level 2.1 Stealth


You had 8 spell levels left.
You didn't know any spells.

Dungeon Overview and Level Annotations

Branches:
Dungeon (8/15)             Temple (0/1) D:4
   Lair: D:8-11

Altars:
Kikubaaqudgha
Nemelex Xobeh
Qazlal
Vehumet
Wu Jian

Annotations:
D:7 1 transporter


Innate Abilities, Weirdness & Mutations

You reflexively headbutt those who attack you in melee.
You have a pair of horns on your head.


Message History

Blink to where?
Press: ? - help, Dir - move target cursor, p - electric eel Splash!
You fall into the shallow water.
Moving in this stuff is going to be slow.
You are very lightly contaminated with residual magic.
As you read the scroll of blinking, it crumbles to dust.
The electric eel shoots out a bolt of lightning at you!
The bolt of electricity hits the electric eel.
The electric eel completely resists.
The bolt of electricity hits you!
* * * LOW HITPOINT WARNING * * *
The electric eel shoots out a bolt of lightning at you!
The bolt of electricity hits you!
* * * LOW HITPOINT WARNING * * *
The bolt of electricity hits you!
* * * LOW HITPOINT WARNING * * *
The electric eel shoots out a bolt of lightning at you!
The bolt of electricity hits the electric eel.
The electric eel completely resists.
The bolt of electricity hits you!
You die...

#.#P...P#.#.######≈...
#.###'###.#.# #≈...
#.#≈..§;#.#.######≈§.≈ #
#.#≈.[.≈#.#.#≈≈§≈≈≈≈.≈
..###+#.#≈≈≈;≈#.#.#≈.§.§≈≈.≈
........#≈≈⌠≈≈#.#.§......§..
........#≈P≈≈≈#.###≈...≈≈≈.≈
.......)#≈≈≈≈≈#.# ≈≈≈≈§≈≈.≈
.#...#..#≈P@≈≈#.# ####≈≈.§
.[.#.#..###+###.# #≈... ...#
#..#P.$.P#.# #≈... .#
#.#..#8.©.8#.# #≈...
#....#######.# #≈≈≈≈
####....©....#
#.....###...#### #####.
##.##.# #. #....#


You could see 2 electric eels.

Vanquished Creatures
  The ghost of MavisGrind the Chopper, a novice MiBe of Trog (D:6)
  A centaur zombie (D:6)
  An orc warrior (D:6)
  An ice beast (D:7)
  4 ogres
  A sky beast (D:5)
  2 centaurs
  2 bullfrogs (D:6)
  5 scorpions
  A howler monkey (D:6)
  A crimson imp (D:7)
  A bullfrog zombie (D:5)
  6 orc wizards
  An orc priest (D:4)
  A gnoll shaman (D:5)
  5 hounds
  An iguana (D:4)
  Ijyb (D:5)
  4 worker ants
  A hound zombie (D:5)
  4 gnolls (D:5)
  A howler monkey skeleton (D:5)
  6 adders
  An ooze (D:3)
  3 adder skeletons
  An adder zombie (D:5)
  3 worms
  3 leopard geckos
  18 orcs
  2 giant cockroaches
  7 goblins
  7 hobgoblins
  2 jackals (D:3)
  5 quokkas
  A ball python (D:2)
  5 bats
  2 frilled lizards
  2 kobolds
  2 leopard gecko skeletons
  2 quokka skeletons (D:4)
  6 rats
124 creatures vanquished.

Notes
Turn   | Place    | Note
-------+----------+-------------------------------------------
     0 | D:1      | Mythic the Minotaur Berserker began the quest for the Orb.
     0 | D:1      | Reached XP level 1. HP: 19/19 MP: 0/0
    74 | D:1      | You fall through a shaft!
   178 | D:2      | Reached XP level 2. HP: 27/27 MP: 1/1
   344 | D:2      | Reached skill level 4 in Polearms
   487 | D:2      | Reached XP level 3. HP: 33/34 MP: 2/2
   948 | D:3      | Reached ** piety under Trog
  1153 | D:3      | Reached XP level 4. HP: 33/41 MP: 3/3
  1434 | D:3      | Reached skill level 5 in Polearms
  1762 | D:4      | Noticed an ogre
  1779 | D:4      | Killed an ogre
  1779 | D:4      | Reached skill level 5 in Fighting
  1779 | D:4      | Reached skill level 6 in Polearms
  1779 | D:4      | Reached XP level 5. HP: 33/48 MP: 4/4
  2092 | D:4      | Reached skill level 1 in Stealth
  2092 | D:4      | Reached XP level 6. HP: 14/56 MP: 5/5
  2424 | D:4      | Found a staircase to the Ecumenical Temple.
  2540 | D:4      | Found an ancient bone altar of Kikubaaqudgha.
  2540 | D:4      | Found a stormy altar of Qazlal.
  2542 | D:4      | Found a radiant altar of Vehumet.
  2547 | D:4      | Found an ornate altar of the Wu Jian Council.
  2548 | D:4      | Found a sparkling altar of Nemelex Xobeh.
  3091 | D:5      | Entered Level 5 of the Dungeon
  3160 | D:5      | Reached skill level 7 in Polearms
  3163 | D:5      | Reached *** piety under Trog
  3218 | D:5      | Reached XP level 7. HP: 53/61 MP: 6/6
  3272 | D:5      | HP: 2/61 [ogre/giant spiked club (21)]
  3570 | D:5      | Reached skill level 8 in Polearms
  3830 | D:5      | Noticed Ijyb
  3869 | D:5      | Killed Ijyb
  4188 | D:6      | Reached XP level 8. HP: 67/70 MP: 7/7
  4481 | D:6      | Reached skill level 5 in Armour
  4481 | D:6      | Reached skill level 5 in Dodging
  4582 | D:6      | Noticed MavisGrind's ghost (novice MiBe)
  4596 | D:6      | Killed MavisGrind's ghost
  4596 | D:6      | Reached skill level 9 in Polearms
  4805 | D:6      | Reached skill level 10 in Polearms
  4805 | D:6      | Reached XP level 9. HP: 76/79 MP: 8/8
  4944 | D:6      | You fall through a shaft for 2 floors!
  5471 | D:7      | Reached **** piety under Trog
  5679 | D:7      | Found a transporter.
  5732 | D:7      | Found a transporter.
  5775 | D:7      | Got a pair of fine boots
  5853 | D:7      | Killed from afar by an electric eel

Skill      XL: |  1  2  3  4  5  6  7  8  9 |
---------------+----------------------------+-----
Fighting       | 4 5 6 7 |  7.5
Polearms       | 4 6 7 8 10 | 10.6
Dodging        | 3 4 5 6 |  6.0
Stealth        | 1 2 |  2.1
Armour         | 3 4 6 7 |  7.3

Action                   |  1- 3 |  4- 6 |  7- 9 || total
-------------------------+-------+-------+-------++-------
Melee: Spear             |    80 |       |       ||    80
       Headbutt          |     9 |    14 |    45 ||    68
       Trident           |     3 |    89 |   185 ||   277
Invok: Berserk           |     1 |     3 |    10 ||    14
  Use: Potion            |       |       |     3 ||     3
       Scroll            |       |       |     8 ||     8
  Eat: Chunk             |     2 |       |     4 ||     6
       Ration            |       |     3 |     4 ||     7
Armor: Animal skin       |     5 |     7 |       ||    12
       Ring mail         |       |    19 |    31 ||    50
       Chain mail        |       |       |    10 ||    10
       Plate armour      |       |       |    42 ||    42
Dodge: Dodged            |    56 |    65 |    89 ||   210
